AoeStats
← CalvaroLDS

Arena

510297184Analyzed
1v1 RM · 1d ago on Sep 30, 2026· 32m 20s· 2 players
Game mode
Random Map
Map size
Tiny (2 player)
Population
200
Speed
Normal
Resources
Standard
Victory
Conquest
Starting age
Dark Age
Ending age
Imperial Age
RankedLock teamsTeams togetherTeam positionsShared explorationLock speedFull tech treeHidden civsTurbo modeCheats
Victory
Defeat
🇲🇿 Bohemians · Mozambique
976
+16
🇬🇷 Malay · Greece
985
-16
CalvaroLDS
10:21 Feudal Age
15:03 Castle Age
14:45 Loom
14:59 Double-Bit Axe
18:51 Fletching
25:59 Redemption
parosseh
7:28 Loom
9:26 Feudal Age
10:15 Wheelbarrow
11:40 Horse Collar
11:47 Double-Bit Axe
17:29 Castle Age
17:56 Gold Mining
29:53 Imperial Age
Connection lost

Rejoining the realm…

Still unreachable

The connection could not be restored.

Session expired

The server has moved on; the page needs a fresh start.